 Dungeon Crawl Stone Soup version 0.29-a0-320-g9f8742066b (webtiles) character file.

Game seed: 16576730050059825222

1843 YayAnonymity the Cleaver (level 9, 0/96 HPs)
             Began as a Formicid Fighter on Apr 3, 2022.
             Was a Follower of Qazlal.
             Succumbed to an orc wizard's poison
             ... on level 7 of the Dungeon.
             The game lasted 00:13:57 (5958 turns).

YayAnonymity the Cleaver (Formicid Fighter)         Turns: 5958, Time: 00:13:57

Health: 0/96       AC: 24    Str: 31    XL:     9   Next: 33%
Magic:  12/12      EV:  2    Int: 14    God:    Qazlal [*.....]
Gold:   386        SH:  7    Dex:  5    Spells: 8/8 levels left

rFire   . . .      SeeInvis .   a - +1 war axe
rCold   . . .      Faith    .   c - +0 buckler
rNeg    . . .      Spirit   .   (body armour currently unavailable)
rPois   +          Reflect  .   (helmet unavailable)
rElec   +          Harm     .   (cloak currently unavailable)
rCorr   +          Rampage  .   (gloves currently unavailable)
Will    .....      Clarity  +   (boots currently unavailable)
Stlth   +.........              (no amulet)
HPRegen 0.26/turn               e - ring of resist corrosion
MPRegen 0.13/turn               r - ring of Oxafump {+Blink rElec Str+6 Int+4 Dex-5}

@: mighty, lethally poisoned (0 -> -5), tree-form, attractive
A: stationary, stasis, torment immunity, boosted hp, permanent stasis, dig
shafts and tunnels, (antennae 3), four strong arms, (fangs 1), (iridescent
scales 1), clarity, clever 1
a: Renounce Religion


You were on level 7 of the Dungeon.
You worshipped Qazlal.
Qazlal was aware of your devotion.
You were a tree.
You visited 2 branches of the dungeon, and saw 8 of its levels.

You collected 386 gold pieces.

Inventory:

Hand Weapons
 a - a +1 war axe (weapon)
 x - a +0 flail of draining
Missiles
 g - a poisoned dart (quivered)
Armour
 c - a +0 buckler (worn)
 n - the +1 plate armour "Zuiziomn" (melded) {Regen+}
   (You found it on level 3 of the Dungeon)

   Regen:     It increases your rate of health regeneration.
 B - a +2 pair of gloves (melded)
Jewellery
 e - a ring of resist corrosion (left branch)
 r - the ring of Oxafump (right branch) {+Blink rElec Str+6 Int+4 Dex-5}
   (You found it on level 4 of the Dungeon)

   [ring of strength]

   Str:       It affects your strength (+6).
   Int:       It affects your intelligence (+4).
   Dex:       It affects your dexterity (-5).
   rElec:     It insulates you from electricity.
   +Blink:    It lets you blink.
Wands
 o - a wand of polymorph (12)
 t - a wand of acid (15)
 y - a wand of mindburst (11)
Scrolls
 h - a scroll of fog
 i - 4 scrolls of enchant weapon
 j - a scroll of noise
 q - a scroll of immolation
Potions
 b - a potion of cancellation
 l - a potion of brilliance
 m - 2 potions of resistance
 u - 3 potions of flight


   Skills:
 - Level 3.2 Fighting
 * Level 8.5 Axes
 - Level 5.0 Armour
 + Level 7.7 Shields
 + Level 5.1 Invocations


You had 8 spell levels left.
You didn't know any spells.
Your spell library contained the following spells:

 Spells                   Type           Power      Damage    Failure   Level
 Dazzling Flash           Conj/Hex       0%         N/A       71%         3
 Agony                    Necr           0%         N/A       100%        5
 Silence                  Hex/Air        0%         N/A       100%        5


Dungeon Overview and Level Annotations

Branches:
Dungeon (7/15)             Temple (1/1) D:4

Altars:
Cheibriados
Dithmenos
Elyvilon
Gozag
Hepliaklqana
Kikubaaqudgha
Makhleb
Qazlal
Ru
Sif Muna
Trog
Uskayaw
Vehumet
Wu Jian
Xom
Zin
The Shining One

Shops:
D:7 [


Innate Abilities, Weirdness & Mutations

You are a tree.
Your roots penetrate the ground, keeping you stationary.
You cannot be teleported.
You are immune to unholy pain and torment.
Your maximum health is greatly increased.
Your equipment is partially melded.
You cannot be hasted, slowed, berserked, paralysed or teleported.
You can dig through walls and to a lower floor.
((You have a pair of large antennae on your head. (SInv)))
Your four strong arms can wield two-handed weapons with a shield.
((You have very sharp teeth.))
((You are partially covered in iridescent scales. (AC +2)))
You possess an exceptional clarity of mind.
Your mind is acute. (Int +2)


Message History

The killer bee stings you but does no damage.
You block the killer bee's attack. Something hits you but does no damage.
Deactivating autopickup; reactivate with Ctrl-A.
You slash the killer bee!
You kill the killer bee!
Qazlal accepts your kill.
You miss something.
You hear the slow hiss of a very distant avalanche of sand.
The orc is attracted toward you.
You barely miss the orc. You slash something!
The orc hits you but does no damage.
You hear some strange, mumbled words.
You feel momentarily confused.
You slash the orc!
You kill the orc!
Qazlal accepts your kill.
You miss something. Something hits you but does no damage.
You are lethally poisoned!
Okay, then.
* * * LOW HITPOINT WARNING * * *
You feel very sick.
You hear some strange, mumbled words.
A magic dart appears from out of thin air!
The magic dart hits you.
* * * LOW HITPOINT WARNING * * *
You cannot move.
You cannot move.
You cannot move.
You cannot move.
You cannot move.
You cannot move.
* * * LOW HITPOINT WARNING * * *
You feel sick. You block something's attack.
You cannot move.
You cannot move.
You cannot move.
You cannot move.
You cannot move.
You cannot move.
You die...

#..###........##
#...........[..#
##...........# ##
#.#.........##.## #
#.........#...#
#...............#
#...............#
#..........#)...#
#.........#{♣#....#
...........†.###...#
......#..## #.##
......##.. . .....
#. #... ##


There were no monsters in sight!

Vanquished Creatures
  Prince Ribbit (D:6)
  Menkaure (D:6)
  A water moccasin (D:3)
  An ice beast (D:6)
  A sky beast (D:5)
  An ogre (D:4)
  A phantom (D:3)
  2 necrophages
  A bullfrog (D:5)
  A gnoll sergeant (D:6)
  2 scorpions
  5 killer bees (D:7)
  2 jellies (D:5)
  2 hounds (D:5)
  3 orc priests
  An iguana (D:4)
  3 orc wizards (D:5)
  3 adders (D:3)
  5 gnolls (D:5)
  A shadow imp (D:4)
  A worm (D:4)
  3 dart slugs
  20 orcs
  2 bats
  5 endoplasms
  6 giant cockroaches
  6 goblins
  4 hobgoblins
  16 jackals
  4 quokkas
  9 ball pythons
  A frilled lizard (D:2)
  7 kobolds
  6 rats
128 creatures vanquished.

Notes
Turn   | Place    | Note
-------+----------+-------------------------------------------
     0 | D:1      | YayAnonymity the Formicid Fighter began the quest for the
                  | Orb.
     0 | D:1      | Reached XP level 1. HP: 18/18 MP: 1/1
   320 | D:1      | Reached XP level 2. HP: 24/24 MP: 2/2
   808 | D:1      | Found a faded altar of an unknown god.
  1069 | D:1      | Reached XP level 3. HP: 29/29 MP: 3/3
  1341 | D:2      | Reached skill level 3 in Axes
  2276 | D:3      | Identified the +1 plate armour "Zuiziomn" {Regen+}
  2504 | D:3      | Reached XP level 4. HP: 33/35 MP: 4/4
  2736 | D:3      | Noticed a phantom
  2757 | D:3      | Killed a phantom
  2758 | D:3      | Reached skill level 4 in Axes
  2758 | D:3      | Reached XP level 5. HP: 41/41 MP: 5/5
  2973 | D:3      | Noticed a water moccasin
  2984 | D:3      | Killed a water moccasin
  2985 | D:3      | Reached skill level 5 in Shields
  2985 | D:3      | Reached XP level 6. HP: 44/47 MP: 6/6
  3150 | D:3      | Reached skill level 5 in Axes
  3336 | D:4      | Found a staircase to the Ecumenical Temple.
  3346 | D:4      | Noticed an ogre
  3350 | Temple   | Entered the Ecumenical Temple
  3372 | Temple   | Became a worshipper of Qazlal Stormbringer
  3463 | D:4      | Killed an ogre
  3464 | D:4      | Reached XP level 7. HP: 41/52 MP: 7/7
  3796 | D:4      | Identified the ring of Oxafump {+Blink rElec Str+6 Int+4
                  | Dex-5}
  3842 | D:5      | Entered Level 5 of the Dungeon
  4032 | D:5      | Reached skill level 1 in Invocations
  4116 | D:5      | Reached * piety under Qazlal
  4117 | D:5      | Reached skill level 6 in Axes
  4117 | D:5      | Reached skill level 5 in Armour
  4148 | D:5      | Reached XP level 8. HP: 58/58 MP: 9/9
  4995 | D:5      | Reached skill level 7 in Axes
  5095 | D:6      | Noticed Prince Ribbit
  5119 | D:6      | Killed Prince Ribbit
  5266 | D:6      | Noticed Menkaure
  5273 | D:6      | Killed Menkaure
  5274 | D:6      | Reached XP level 9. HP: 29/64 MP: 10/12
  5441 | D:6      | Reached skill level 8 in Axes
  5550 | D:6      | Found an ornate altar of the Wu Jian Council.
  5915 | D:7      | Found Yfanlel's Armour Emporium.
  5947 | D:7      | Reached skill level 5 in Invocations
  5949 | D:7      | Gained mutation: You have very sharp teeth. [potion of
                  | mutation]
  5949 | D:7      | Gained mutation: You possess an exceptional clarity of
                  | mind. [potion of mutation]
  5949 | D:7      | Gained mutation: Your mind is acute. (Int +2) [potion of
                  | mutation]
  5949 | D:7      | Gained mutation: You are partially covered in iridescent
                  | scales. (AC +2) [potion of mutation]
  5956 | D:7      | HP: 3/96 [something/magic dart (4)]
  5957 | D:7      | HP: 1/96 [poisoned by an orc wizard]
  5958 | D:7      | Succumbed to an orc wizard's poison

Illustrated notes

Levels and vault maps discovered:
D:1:      dreamdust_arrival_beginning_and_end, layout_basic,
          shapermc_ecumenical_altar_venn, hangedman_glass_teeth,
          minmay_octomino_j4
D:2:      layout_basic, minmay_misc_feat_chi
D:3:      layout_basic, grunt_ministairs_10, minmay_misc_feat_roman
D:4:      layout_cave_pools, minmay_temple_entry_offerings
D:5:      layout_loops_corners, roderic_roman_lattice
D:6:      layout_loops_cross, kennysheep_little_box,
          nicolae_figureground_sparkle, uniq_prince_ribbit1, uniq_menkaure
D:7:      layout_cave_pools, enter_ossuary_4, serial_shops, shop,
          nicolae_shop_advertising_works [nicolae_subvault_shop_adworks],
          nicolae_shop_hallway_plus, kennysheep_mini, shop, uniq_pikel,
          uniq_maggie
Temple:   compressed_dpeg_circular_temple

Skill      XL: |  1  2  3  4  5  6  7  8  9 |
---------------+----------------------------+-----
Shields        | 4 5 6 7 |  7.7
Axes           | 3 4 5 6 7 8 |  8.5
Armour         | 4 5 |  5.0
Invocations    | 2 4 5 |  5.1
Fighting       | |  3.2

Action                   |  1- 3 |  4- 6 |  7- 9 || total
-------------------------+-------+-------+-------++-------
Melee: War axe           |   124 |    85 |   224 ||   433
Throw: Dart              |       |     2 |     3 ||     5
       Boomerang         |       |       |     3 ||     3
  Use: Scroll            |       |     9 |     5 ||    14
       Potion            |       |     1 |     7 ||     8
Armor: Scale mail        |    61 |       |       ||    61
       Plate armour      |    11 |    59 |   121 ||   191
       Skin              |       |       |     9 ||     9
Dodge: Dodged            |    64 |    27 |    85 ||   176
Block: Buckler           |    29 |    10 |    80 ||   119

Table legend: (Time is in decaauts)
 A = Elapsed time spent in this place.
 B = Non-inter-level travel time spent in this place.
 C = Inter-level travel time spent in this place.
 D = Time resting spent in this place.
 E = Time spent auto-exploring this place.
 F = Levels seen in this place.
 G = Mean time per level.
                   A        B        C        D        E       F      G
               +--------+--------+--------+--------+--------+-----+--------+
         Total |   6085 |   5640 |    445 |     77 |   4124 |   8 |  760.6 |
       Dungeon |   5976 |   5539 |    437 |     77 |   4044 |   7 |  853.7 |
        Temple |    109 |    101 |      8 |      0 |     80 |   1 |  109.0 |
               +--------+--------+--------+--------+--------+-----+--------+

Top non-repeatable levels by time:
     D:1: 1318 daAuts
     D:5: 1228 daAuts
     D:3: 1021 daAuts
     D:2: 940 daAuts
     D:6: 828 daAuts
     D:4: 584 daAuts
  Temple: 109 daAuts
     D:7: 54 daAuts
